 Dungeon Crawl Stone Soup version 0.27.1-1-g398f81649c (webtiles) character file.

Game seed: 3105707345423466449

251 ZARRMARR the Insei (level 6, -2/41 HPs)
             Began as an Octopode Transmuter on Sept 7, 2021.
             Slain by an ogre (28 damage)
             ... on level 4 of the Dungeon.
             The game lasted 00:12:26 (4664 turns).

ZARRMARR the Insei (Octopode Transmuter)            Turns: 4664, Time: 00:12:27

Health: -2/41      AC:  1    Str:  9    XL:     6   Next: 13%
Magic:  10/10      EV:  9    Int: 17    God:
Gold:   176        SH: 10    Dex: 13    Spells: 9/10 levels left

rFire    . . .     SeeInvis .     - Unarmed
rCold    . . .     Faith    .   h - +0 tower shield
rNeg     . . .     Spirit   .   (helmet restricted)
rPois    .         Reflect  .   (no amulet)
rElec    .         Harm     .   (no ring)
rCorr    .         Rampage  .   (no ring)
Will     .....                  (no ring)
Stlth    +++.......             (no ring)
HPRegen  0.13/turn              (no ring)
MPRegen  0.12/turn              (no ring)
                                (no ring)
                                (no ring)

@: no status effects
A: almost no armour, amphibious, 8 rings, camouflage 1, gelatinous body 1,
(nimble swimmer 1), tentacles
a: no special abilities


You were on level 4 of the Dungeon.
You visited 1 branch of the dungeon, and saw 4 of its levels.

You collected 176 gold pieces.

Inventory:

Missiles
 j - 6 boomerangs (quivered)
Armour
 h - a +0 tower shield (worn)
Wands
 d - a wand of polymorph (8)
Scrolls
 a - a scroll of enchant weapon {unknown}
 b - 3 scrolls of immolation
 c - 2 scrolls of identify {unknown}
 e - a scroll of fear {unknown}
 g - a scroll of teleportation {unknown}
Potions
 f - a potion of flight {unknown}
 i - a potion of mutation {unknown}
 k - 2 potions of magic {unknown}
 l - a potion of attraction {unknown}


   Skills:
 + Level 2.6 Fighting
 + Level 3.1 Dodging
 + Level 3.3 Stealth
 * Level 1.1 Shields
 + Level 3.8 Unarmed Combat
 - Level 2.9 Spellcasting
 - Level 2.2 Transmutations


You had 9 spell levels left.
You knew the following spells:

 Your Spells              Type           Power      Damage    Failure   Level
a - Beastly Appendage     Tmut           20%        N/A       83%         1

Your spell library contained the following spells:

 Spells                   Type           Power      Damage    Failure   Level
 Wereblood                Tmut           10%        N/A       93%         2
 Gell's Gravitas          Tloc           1%         N/A       100%        3
 Spider Form              Tmut/Pois      3%         N/A       100%        3
 Teleport Other           Tloc           2%         N/A       100%        3
 Ice Form                 Ice/Tmut       6%         N/A       100%        4
 Dispersal                Tloc           1%         N/A       100%        6


Dungeon Overview and Level Annotations

Branches:
Dungeon (4/15)
 Temple: D:4-7

Altars:
Cheibriados
Wu Jian
Yredelemnul
Zin

Annotations:
D:2 Robin, Sigmund
D:3 1 runed translucent door, Crazy Yiuf
D:4 exclusion: ball python, Menkaure


Innate Abilities, Weirdness & Mutations

You cannot wear most types of armour.
You are amphibious.
You can wear up to eight rings at the same time.
Your skin changes colour to match your surroundings (Stealth+).
Your rubbery body absorbs attacks. (AC +1, EV +1)
((You are camouflaged near water. (Stealth+)))
You have tentacles for arms and can constrict up to eight enemies at once.


Message History

a +0 dagger; a +0 scale mail
Found a flail.
Found 15 stones.
An ogre comes into view. It is wielding a +0 giant club.
Unknown command.
Throw: 6 boomerangs
Press: ? - help, Q - select action, (/) - cycle Shift-Dir - straight line, f - ogre
Aim: an ogre, wielding a +0 giant club (73% to hit)
You throw a boomerang. The boomerang hits the ogre.
The ogre is lightly wounded.
Unknown command.
Throw: 6 boomerangs
Press: ? - help, Q - select action, (/) - cycle Shift-Dir - straight line, f/p - ogre
Aim: an ogre, wielding a +0 giant club (lightly wounded, 73% to hit)
You throw a boomerang. The boomerang hits the ogre.
The ogre is lightly wounded.
Unknown command.
Throw: 6 boomerangs
Press: ? - help, Q - select action, (/) - cycle Shift-Dir - straight line, f/p - ogre
Aim: an ogre, wielding a +0 giant club (lightly wounded, 73% to hit)
You throw a boomerang. The boomerang hits the ogre.
The ogre is lightly wounded.
Unknown command.
You tentacle-slap the ogre but do no damage.
The ogre is lightly wounded.
The ogre hits you with a +0 giant club.
You tentacle-slap the ogre. Your squeeze misses the ogre.
The ogre is lightly wounded.
The ogre barely misses you.
You completely miss the ogre.
The ogre is lightly wounded.
The ogre hits you with a +0 giant club! The ogre misses you.
You tentacle-slap the ogre.
The ogre is moderately wounded.
You block the ogre's attack.
You barely miss the ogre.
The ogre is moderately wounded.
The ogre hits you with a +0 giant club!!
Ouch! That really hurt!
You die...

...#...#####.......
.......## ......#
...##...#####...)# .
....#...........#### ..
.......####.....#..##...
>......# #...[.........
...##..## #...........(.
...##...###......O.....#
..###..###......@.......
####....#...#..#.##.....
#......)..##.### ...
#.....##..#.[..# .
......#..##......
#.........#.#.....
#..#)....#..#...#.
###..#...##...#.###
#.###..# .. .#


You could see an ogre.

Vanquished Creatures
  Jessica (D:3)
  2 iguanas (D:4)
  Ijyb (D:4)
  Terence (D:3)
  4 gnolls (D:2)
  3 adders
  A worm (D:2)
  A dart slug (D:1)
  5 ball pythons
  6 endoplasms
  2 giant cockroaches
  5 goblins
  6 hobgoblins
  5 jackals
  3 quokkas
  A bat (D:3)
  4 frilled lizards
  6 kobolds
  5 rats
62 creatures vanquished.

Notes
Turn   | Place    | Note
-------+----------+-------------------------------------------
     0 | D:1      | ZARRMARR the Octopode Transmuter began the quest for the
                  | Orb.
     0 | D:1      | Reached XP level 1. HP: 13/13 MP: 3/3
   171 | D:1      | Reached XP level 2. HP: 6/18 MP: 3/5
   391 | D:1      | Reached skill level 1 in Stealth
   734 | D:1      | Found a faded altar of an unknown god.
  1458 | D:2      | Noticed Robin
  1474 | D:2      | Reached XP level 3. HP: 14/23 MP: 6/6
  1704 | D:2      | Noticed Sigmund
  1869 | D:2      | Found a glowing silver altar of Zin.
  2342 | D:2      | Reached XP level 4. HP: 19/29 MP: 5/7
  2660 | D:3      | Found a snail-covered altar of Cheibriados.
  2719 | D:3      | Noticed Terence
  2741 | D:3      | Killed Terence
  2742 | D:3      | Reached XP level 5. HP: 16/34 MP: 9/9
  2968 | D:3      | Found a basalt altar of Yredelemnul.
  2980 | D:3      | Noticed Jessica
  3413 | D:3      | Killed Jessica
  3609 | D:3      | Found an ornate altar of the Wu Jian Council.
  3721 | D:3      | Found a runed translucent door.
  3722 | D:3      | Noticed Crazy Yiuf
  4030 | D:4      | Noticed Menkaure
  4353 | D:4      | Reached XP level 6. HP: 31/41 MP: 10/10
  4516 | D:4      | Noticed Ijyb
  4528 | D:4      | Killed Ijyb
  4529 | D:4      | Reached skill level 1 in Shields
  4664 | D:4      | Slain by an ogre

Illustrated notes

Levels and vault maps discovered:
D:1:      amcnicky_arrival_double_pillar, layout_basic,
          hellmonk_ecumenical_altar_blasted
D:2:      layout_loops_ring, basic_altar, grunt_ministairs_7,
          minmay_pentomino_r2, uniq_robin, uniq_sigmund
D:3:      layout_rooms, mainiacjoe_overflow_brackets,
          mainiacjoe_overflow_cross_hatched, yredelemnul_altar_generic,
          uniq_jessica, uniq_terence, uniq_crazy_yiuf_cottage
D:4:      layout_cave_pools, uniq_ijyb, uniq_menkaure

Skill      XL: |  1  2  3  4  5  6 |
---------------+-------------------+-----
Stealth        | 1 2 3 |  3.3
Fighting       | 2 |  2.6
Dodging        | 3 |  3.1
Shields        | 1 |  1.1
Unarmed Combat | |  3.8
Spellcasting   | |  2.9
Transmutations | |  2.2

Action                   |  1- 3 |  4- 6 || total
-------------------------+-------+-------++-------
Melee: Unarmed           |    84 |    77 ||   161
       Constrict         |    19 |    16 ||    35
       Tentacles         |     6 |     9 ||    15
       Kick              |    17 |     4 ||    21
       Punch             |     1 |     2 ||     3
Throw: Boomerang         |       |    18 ||    18
 Cast: Beastly Appendage |    28 |     8 ||    36
  Use: Potion            |       |     2 ||     2
 Stab: Sleeping          |     6 |     3 ||     9
Armor: Skin              |     2 |    10 ||    12
Dodge: Dodged            |    35 |    29 ||    64
Block: Tower shield      |       |    24 ||    24
